 Dungeon Crawl Stone Soup version 0.26-a0-520-g952f204493 (webtiles) character file.

Game seed: 16890244902466330485

922 ANON1729 the Cleaver (level 8, 0/70 HPs)
             Began as a Hill Orc Monk on Aug 12, 2020.
             Was a Believer of Beogh.
             Slain by an ogre
             ... wielding a +0 giant club
              (21 damage)
             ... on level 6 of the Dungeon.
             The game lasted 00:06:03 (5563 turns).

ANON1729 the Cleaver (Hill Orc Monk)                Turns: 5563, Time: 00:06:03

Health: 0/70       AC:  4    Str: 16    XL:     8   Next: 10%
Magic:  19/19      EV: 17    Int: 10    God:    Beogh [**....]
Gold:   322        SH:  0    Dex: 13    Spells: 7/7 levels left

rFire    . . .     SeeInvis .   k - +2 broad axe (elec)
rCold    . . .     Faith    .   (no shield)
rNeg     . . .     Spirit   .   b - +0 robe
rPois    .         Reflect  .   m - +0 helmet
rElec    .         Harm     .   i - scarf {+Inv}
rCorr    .                      (no gloves)
MR       .....                  l - +0 pair of boots
Stlth    ++........             (no amulet)
HPRegen  0.21/turn              h - ring of magical power
MPRegen  0.16/turn              t - +4 ring of evasion

@: slowed, very slow
A: no striking features
a: Smiting, Renounce Religion, Evoke Invisibility


You were on level 6 of the Dungeon.
You worshipped Beogh.
Beogh was pleased with you.
You visited 1 branch of the dungeon, and saw 6 of its levels.

You collected 322 gold pieces.

Inventory:

Hand Weapons
 a - a +0 hand axe
 k - a +2 broad axe of electrocution (weapon)
Armour
 b - a +0 robe (worn)
 i - a scarf of invisibility (worn)
 l - a +0 pair of boots (worn)
 m - a +0 helmet (worn)
 s - a +0 buckler
Jewellery
 h - a ring of magical power (left hand)
 t - a +4 ring of evasion (right hand)
 v - an uncursed amulet of guardian spirit {unknown}
Scrolls
 d - 6 scrolls of remove curse {unknown}
 e - 2 scrolls of noise {unknown}
 f - 5 scrolls of identify {unknown}
 g - a scroll of fear {unknown}
 j - 4 scrolls of immolation {unknown}
 o - a scroll of magic mapping {unknown}
 u - a scroll of enchant weapon {unknown}
Potions
 c - 2 potions of stabbing
 n - a potion of might {unknown}
 p - 2 potions of haste {unknown}
 q - a potion of degeneration {unknown}
 r - a potion of heal wounds {unknown}


   Skills:
 + Level 6.2 Fighting
 * Level 9.0 Axes
 + Level 4.4 Armour
 - Level 2.4 Dodging
 - Level 1.6 Stealth
 * Level 3.0 Invocations


You had 7 spell levels left.
You didn't know any spells.
Your spell library contained the following spells:

 Spells                   Type           Power        Failure   Level
 Beastly Appendage        Tmut           #.....       36%         1
 Corona                   Hex            #......      36%         1
 Ensorcelled Hibernation  Hex/Ice        #.....       50%         2
 Wereblood                Tmut           #.......     50%         2
 Confusing Touch          Hex            #.......     75%         3
 Dazzling Flash           Conj/Hex       #.....       75%         3
 Spider Form              Tmut/Pois      #.........   75%         3
 Tukima's Dance           Hex            #.......     75%         3
 Ice Form                 Ice/Tmut       #.......     98%         4
 Blade Hands              Tmut           #.........   100%        5


Dungeon Overview and Level Annotations

Branches:
Dungeon (6/15)             Temple (0/1) D:5

Altars:
Ashenzari
Ru


Message History

The orc closely misses you. The orc wizard completely misses you.
You closely miss the orc wizard. You closely miss the orc.
The orc wizard closely misses you. The orc hits you with a +0 dagger.
The orc wizard hits you but does no damage.
The ogre misses you. The orc barely misses you.
You barely miss the orc wizard. You barely miss the ogre. You hit the orc.
Lightning courses through the orc!
You kill the orc!
Beogh accepts your kill.
The orc wizard mumbles some strange words.
The orc wizard blinks!
The ogre hits you with a +0 giant club!!
* * * LOW HITPOINT WARNING * * *
The quokka closely misses you.
You are too injured to fight recklessly!
You are too injured to fight recklessly!
The sentinel's mark upon you fades away.
The quokka bites you but does no damage.
The ogre hits you with a +0 giant club!!
You die...

#. #.##.#.# # #. #.##...#
## # #.## #.####.# ##. ##.
#..# #.##.#.# ##..
##...##.######......###...
........†.............+...
#...##o#######....#.##...
##.###J#### #.#....# #..
#...)rO@.# #.###### ##.
#.###.##.# #.# ## #... .#
#.# # #... .. ... #...#..#
.# #.###..# # #. ..# ## ..
..# #. ##


You could see an ogre, a jelly and a quokka.

Vanquished Creatures
  An ice beast (D:5)
  A sky beast (D:5)
  2 ogres
  A bullfrog (D:6)
  A jelly (D:4)
  2 orc wizards (D:5)
  2 orc priests
  A bullfrog skeleton (D:5)
  Natasha (twice) (D:3)
  A worker ant (D:5)
  A hound zombie (D:6)
  A worker ant zombie (D:6)
  14 adders
  A shadow imp (D:5)
  An adder skeleton (D:5)
  A worm (D:3)
  2 dart slugs
  3 leopard geckos
  20 orcs
  A ball python (D:3)
  7 bats
  5 giant cockroaches
  2 goblins
  10 hobgoblins
  9 jackals
  3 frilled lizards
  A giant cockroach zombie (D:5)
  6 kobolds
  A leopard gecko zombie (D:6)
  9 rats
112 creatures vanquished.

Vanquished Creatures (others)
  An orc priest (D:4)
1 creature vanquished.

Grand Total: 113 creatures vanquished

Notes
Turn   | Place    | Note
-------+----------+-------------------------------------------
     0 | D:1      | ANON1729 the Hill Orc Monk began the quest for the Orb.
     0 | D:1      | Reached XP level 1. HP: 19/19 MP: 1/1
   151 | D:1      | Reached XP level 2. HP: 20/27 MP: 2/2
   498 | D:1      | Reached skill level 1 in Armour
   585 | D:1      | Reached XP level 3. HP: 20/33 MP: 3/3
  1137 | D:2      | Reached skill level 5 in Axes
  1486 | D:2      | Reached XP level 4. HP: 7/40 MP: 4/4
  1496 | D:2      | HP: 2/40 [poisoned by an adder]
  2320 | D:2      | Found a shattered altar of Ashenzari.
  2623 | D:3      | Noticed Natasha
  2629 | D:3      | Killed Natasha
  2629 | D:3      | Reached skill level 6 in Axes
  2629 | D:3      | Reached XP level 5. HP: 47/47 MP: 5/5
  3047 | D:3      | Noticed Natasha
  3052 | D:3      | Killed Natasha
  3333 | D:4      | Reached skill level 5 in Fighting
  3333 | D:4      | Reached XP level 6. HP: 51/56 MP: 6/6
  3387 | D:4      | Became a worshipper of Beogh the Brigand
  3387 | D:4      | Reached * piety under Beogh
  3387 | D:4      | Reached ** piety under Beogh
  3886 | D:4      | Reached skill level 7 in Axes
  4259 | D:5      | Entered Level 5 of the Dungeon
  4284 | D:5      | Noticed an ice beast
  4285 | D:5      | Reached XP level 7. HP: 40/61 MP: 7/7
  4288 | D:5      | Reached skill level 8 in Axes
  4556 | D:5      | Found a staircase to the Ecumenical Temple.
  4870 | D:5      | Reached skill level 1 in Invocations
  4992 | D:5      | Found a sacrificial altar of Ru.
  5544 | D:6      | Reached XP level 8. HP: 66/70 MP: 9/9
  5556 | D:6      | Reached skill level 9 in Axes
  5563 | D:6      | Slain by an ogre

Illustrated notes

Levels and vault maps discovered:
D:1:      scummos_arrival_star, layout_basic, minivault_5, minmay_misc_feat_room
D:2:      layout_rooms, lemuel_coloured_pillars_altar
D:3:      layout_loops_ring, uniq_natasha
D:4:      layout_gridville
D:5:      layout_loops_corners, minmay_temple_entry_water_ring,
          lemuel_altar_in_water
D:6:      layout_loops_corners, grunt_temple_overflow_lords_of_destruction

Skill      XL: |  1  2  3  4  5  6  7  8 |
---------------+-------------------------+-----
Fighting       | 4 5 6 |  6.2
Armour         | 1 2 3 4 |  4.4
Axes           | 5 6 7 8 9 |  9.0
Invocations    | 2 3 |  3.0
Dodging        | |  2.4
Stealth        | |  1.6

Action                   |  1- 3 |  4- 6 |  7- 9 || total
-------------------------+-------+-------+-------++-------
Melee: Hand axe          |   143 |    48 |       ||   191
       Broad axe         |       |    92 |    82 ||   174
Invok: Convert to Beogh  |       |     1 |       ||     1
  Use: Potion            |     6 |       |       ||     6
 Stab: Sleeping          |     4 |     5 |     3 ||    12
Armor: Robe              |    20 |    22 |    19 ||    61
Dodge: Dodged            |   101 |   111 |    73 ||   285

Table legend: (Time is in decaauts)
 A = Elapsed time spent in this place.
 B = Non-inter-level travel time spent in this place.
 C = Inter-level travel time spent in this place.
 D = Time resting spent in this place.
 E = Time spent auto-exploring this place.
 F = Levels seen in this place.
 G = Mean time per level.
                   A        B        C        D        E       F      G
               +--------+--------+--------+--------+--------+-----+--------+
         Total |   5637 |   5381 |    256 |   1833 |   2610 |   6 |  939.5 |
       Dungeon |   5637 |   5381 |    256 |   1833 |   2610 |   6 |  939.5 |
               +--------+--------+--------+--------+--------+-----+--------+

Top non-repeatable levels by time:
     D:2: 1360 daAuts
     D:5: 1169 daAuts
     D:1: 1124 daAuts
     D:4: 1046 daAuts
     D:3: 780 daAuts
     D:6: 157 daAuts
